Connexion

NEW JERSEY Devils vs CAROLINA Hurricanes (R1)

Created - 26 février 2024 at 08:10

Goals
1 2 3 T
NEW JERSEY Devils 1 1 0 2
CAROLINA Hurricanes 2 2 1 5
Shots
1 2 3 T
NEW JERSEY Devils 12 7 7 26
CAROLINA Hurricanes 19 12 10 41

GoalsPenalties
1st period
1. CAROLINA Hurricanes , Esa Lindell 9 (Colton Sissons 13, Owen Power 47) at 4:28
2. NEW JERSEY Devils , Troy Terry 19 (Shayne Gostisbehere 49, Jaccob Slavin 47) at 6:48
3. CAROLINA Hurricanes , Brandon Sutter 24 (Pontus Aberg 30, Tyler Motte 27) at 16:54
Charlie Coyle (N.J) for Hooking (Minor) at 0:10
Owen Power (CAR) for Slashing (Minor) at 9:46
Jack Johnson (N.J) for Cross-checking (Minor) at 13:40
2nd period
4. CAROLINA Hurricanes , Brandon Sutter 25 (Owen Power 48) at 5:13 (PP)
5. CAROLINA Hurricanes , Tyler Motte 18 (Pontus Aberg 31, Brandon Sutter 31) at 11:06
6. NEW JERSEY Devils , Shayne Gostisbehere 18 (Jaccob Slavin 48, Max Domi 27) at 14:36 (PP)
Erik Johnson (N.J) for Holding (Minor) at 2:00
Jordan Harris (N.J) for Hooking (Minor) at 4:07
Shayne Gostisbehere (N.J) for Tripping (Minor) at 6:18
Esa Lindell (CAR) for Cross-checking (Minor) at 8:33
KAndre Miller (CAR) for Slashing (Minor) at 14:10
Charlie Coyle (N.J) for High sticking (Minor) at 15:16
3rd period
7. CAROLINA Hurricanes , Tyler Motte 19 (Owen Power 49, Brandon Sutter 32) at 6:24
Marcus Johansson (CAR) for Hooking (Minor) at 3:49
Roope Hintz (N.J) for Slashing (Minor) at 11:08
Esa Lindell (CAR) for Slashing (Minor) at 14:58
Goalie Stats
Eetu Makiniemi (N.J), 36 saves from 41 shots - (0,878), L, 2-1-0, 60:00 minutes
Ilya Samsonov (CAR), 24 saves from 26 shots - (0,923), W, 32-24-0, 60:00 minutes
3 StarsOfficial
1 - Brandon Sutter (CAR)
2 - Tyler Motte (CAR)
3 - Owen Power (CAR)
Referees : Wes McCauley and Mike Leggo
Linesman : Pierre Racicot and Steve Barton
Game Note
No Game Note
Finance
Level 1 -- Attendance: 5752 (95,87%) -- Ticket Income $690,240
Level 2 -- Attendance: 5467 (96,25%) -- Ticket Income $382,690
Level 3 -- Attendance: 1984 (99,20%) -- Ticket Income $89,280
Level 4 -- Attendance: 2965 (74,13%) -- Ticket Income $118,600
Luxury Box -- Attendance: 1000 (100,00%) -- Ticket Income $210,000
Game was played at the RBC Center.
Total Attendance: 17168 (91,91%)
Total Ticket Income: $1,490,810
Other Income: $298,162
Total Income: $1,788,972



Team Name Goals Shots Shots Attemp Shots Blocked PIM HIT PP PK FO%
NEW JERSEY Devils 226461614191 / 5 (20%)154%
CAROLINA Hurricanes 54188510321 / 7 (14%)146%

NEW JERSEY Devils
Player Name POS G A P +/- PIM HIT SHT SB MP PP MP PP SHT PK MP PK SHT FO% FOT
Anton LundellC000-1003018:423:3900:00054% 24
Brett KulakD000-3020215:240:0006:0600% 0
Charlie CoyleC/RW000-1423218:143:1300:0000% 0
Christian DvorakC/LW000-1001013:470:0009:18054% 24
Cody GlassC000-1000012:010:0003:31060% 15
Daniel SprongLW/RW000-1002110:550:0002:2500% 1
Erik JohnsonD000-3220311:040:0001:4700% 0
Jaccob SlavinD0221011527:105:0916:5400% 0
Jack JohnsonD000-1200014:120:0000:0000% 0
Jordan HarrisD000-1221222:533:1305:3200% 0
Kirby DachC/RW000-1001013:134:4310:000100% 1
Max DomiC/LW011-1020018:423:3900:000100% 3
Nail YakupovRW000-100004:290:0000:0000% 0
Roope HintzC/LW0000214015:184:4310:00050% 2
Sean KuralyC/LW000-101104:290:0000:0000% 0
Shayne GostisbehereD1121224126:005:0935:4100% 0
Trevor ZegrasC0000021017:224:4302:03043% 21
Troy TerryC/RW1010024022:583:3908:4300% 0
CAROLINA Hurricanes
Player Name POS G A P +/- PIM HIT SHT SB MP PP MP PP SHT PK MP PK SHT FO% FOT
Alexandre TexierC/LW000002003:260:0000:1000% 0
Blake LizotteC000000000:570:0000:5700% 0
Blake WheelerLW/RW000102209:440:0000:000100% 1
Brandon SutterC/RW2242007019:305:1320:0000% 1
Brett PesceD0000013128:017:2033:5400% 0
Cam YorkD0001002212:570:0002:4100% 0
Colton SissonsC/LW/RW0111042011:430:0001:59047% 15
Connor DewarC000000003:160:0000:00080% 5
Curtis LazarC/LW/RW000100209:440:0000:0000% 2
Esa LindellD1012451019:385:4002:2500% 0
James van RiemsdykLW/RW0000002022:177:4703:09060% 5
KAndre MillerD0001221010:240:0000:0900% 0
Marcus JohanssonC/LW/RW0000224026:027:4703:39043% 35
Owen PowerD0332212120:355:4023:2100% 0
Pontus AbergLW/RW0222002019:305:1310:0000% 1
Ryan EllisD0000043128:217:2024:1400% 0
Tyler MotteC/LW/RW2132025021:405:1322:10045% 22
Wayne SimmondsLW/RW0000073023:487:4704:40050% 4



Play-by-Play

1st period


0:01 of 1st period - Anton Lundell wins face-off versus Wayne Simmonds in neutral zone.
0:10 of 1st period - Minor Penalty to Charlie Coyle for Hooking.
0:11 of 1st period - Christian Dvorak wins face-off versus Marcus Johansson in NEW JERSEY Devils zone.
0:11 of 1st period - Christian Dvorak is hit by Wayne Simmonds.
2:13 of 1st period - Icing by Blake Wheeler.
2:14 of 1st period - Colton Sissons wins face-off versus Anton Lundell in CAROLINA Hurricanes zone.
2:31 of 1st period - Shot by Cam York.
2:31 of 1st period - Stopped by Eetu Makiniemi with a rebound.
2:33 of 1st period - Shot by Colton Sissons.
2:33 of 1st period - Deflect By Curtis Lazar.
2:33 of 1st period - Stopped by Eetu Makiniemi without a rebound.
2:34 of 1st period - Cody Glass wins face-off versus Connor Dewar in NEW JERSEY Devils zone.
2:34 of 1st period - Cody Glass is hit by Alexandre Texier.
2:59 of 1st period - Off-side.
3:00 of 1st period - Anton Lundell wins face-off versus Pontus Aberg in neutral zone.
3:27 of 1st period - Shot by Tyler Motte.
3:27 of 1st period - Shot Misses the Net.
4:04 of 1st period - Shot by Blake Wheeler.
4:04 of 1st period - Shot Misses the Net.
4:26 of 1st period - Shot by Colton Sissons.
4:26 of 1st period - Shot Blocked by Brett Kulak.
4:28 of 1st period - Shot by Esa Lindell.
4:28 of 1st period - Goal by Esa Lindell - NEW JERSEY Devils : 0 - CAROLINA Hurricanes : 1.
4:29 of 1st period - Marcus Johansson wins face-off versus Trevor Zegras in neutral zone.
4:51 of 1st period - Icing by Shayne Gostisbehere.
4:52 of 1st period - Trevor Zegras wins face-off versus Tyler Motte in NEW JERSEY Devils zone.
4:56 of 1st period - Icing by Roope Hintz.
4:57 of 1st period - Trevor Zegras wins face-off versus Marcus Johansson in NEW JERSEY Devils zone.
4:57 of 1st period - Trevor Zegras is hit by Wayne Simmonds.
5:05 of 1st period - Shot by Roope Hintz.
5:05 of 1st period - Stopped by Ilya Samsonov without a rebound.
5:06 of 1st period - Cody Glass wins face-off versus Marcus Johansson in CAROLINA Hurricanes zone.
6:48 of 1st period - Shot by Troy Terry.
6:48 of 1st period - Goal by Troy Terry - NEW JERSEY Devils : 1 - CAROLINA Hurricanes : 1.
6:49 of 1st period - Colton Sissons wins face-off versus Christian Dvorak in neutral zone.
6:49 of 1st period - Colton Sissons is hit by Sean Kuraly.
6:55 of 1st period - Shot by Blake Wheeler.
6:55 of 1st period - Stopped by Eetu Makiniemi without a rebound.
6:56 of 1st period - Anton Lundell wins face-off versus Colton Sissons in NEW JERSEY Devils zone.
6:56 of 1st period - Anton Lundell is hit by Colton Sissons.
6:59 of 1st period - Icing by Charlie Coyle.
7:00 of 1st period - Marcus Johansson wins face-off versus Anton Lundell in NEW JERSEY Devils zone.
7:09 of 1st period - Shot by James van Riemsdyk.
7:09 of 1st period - Shot Blocked by Charlie Coyle.
7:11 of 1st period - Shot by Marcus Johansson.
7:11 of 1st period - Stopped by Eetu Makiniemi with a rebound.
7:17 of 1st period - Shot by Wayne Simmonds.
7:17 of 1st period - Shot Misses the Net.
7:19 of 1st period - Shot by Ryan Ellis.
7:19 of 1st period - Stopped by Eetu Makiniemi without a rebound.
7:20 of 1st period - Colton Sissons wins face-off versus Trevor Zegras in NEW JERSEY Devils zone.
7:37 of 1st period - Shot by Troy Terry.
7:37 of 1st period - Stopped by Ilya Samsonov with a rebound.
7:39 of 1st period - Shot by Shayne Gostisbehere.
7:39 of 1st period - Shot Blocked by Cam York.
7:55 of 1st period - Shot by Troy Terry.
7:55 of 1st period - Stopped by Ilya Samsonov with a rebound.
7:57 of 1st period - Shot by Roope Hintz.
7:57 of 1st period - Shot Misses the Net.
7:59 of 1st period - Shot by Troy Terry.
7:59 of 1st period - Shot Misses the Net.
8:01 of 1st period - Shot by Shayne Gostisbehere.
8:01 of 1st period - Stopped by Ilya Samsonov without a rebound.
8:02 of 1st period - Marcus Johansson wins face-off versus Anton Lundell in CAROLINA Hurricanes zone.
8:11 of 1st period - Shot by James van Riemsdyk.
8:11 of 1st period - Stopped by Eetu Makiniemi without a rebound.
8:12 of 1st period - Christian Dvorak wins face-off versus Marcus Johansson in NEW JERSEY Devils zone.
8:40 of 1st period - Nail Yakupov is hit by Ryan Ellis and loses puck.
8:51 of 1st period - Shot by Nail Yakupov.
8:51 of 1st period - Shot Misses the Net.
9:06 of 1st period - Nail Yakupov is hit by Esa Lindell.
9:26 of 1st period - Shot by Charlie Coyle.
9:26 of 1st period - Stopped by Ilya Samsonov with a rebound.
9:45 of 1st period - Anton Lundell is hit by Esa Lindell and loses puck.
9:46 of 1st period - Minor Penalty to Owen Power for Slashing.
9:47 of 1st period - Marcus Johansson wins face-off versus Trevor Zegras in CAROLINA Hurricanes zone.
10:04 of 1st period - Shot by Jaccob Slavin.
10:04 of 1st period - Shot Misses the Net.
10:08 of 1st period - Shot by Jaccob Slavin.
10:08 of 1st period - Stopped by Ilya Samsonov with a rebound.
10:10 of 1st period - Shot by Shayne Gostisbehere.
10:10 of 1st period - Deflect By Roope Hintz.
10:10 of 1st period - Stopped by Ilya Samsonov without a rebound.
10:11 of 1st period - Anton Lundell wins face-off versus Marcus Johansson in CAROLINA Hurricanes zone.
11:29 of 1st period - Icing by Trevor Zegras.
11:30 of 1st period - Trevor Zegras wins face-off versus James van Riemsdyk in NEW JERSEY Devils zone.
11:44 of 1st period - Shot by Shayne Gostisbehere.
11:44 of 1st period - Shot Blocked by Cam York.
11:46 of 1st period - Shot by Shayne Gostisbehere.
11:46 of 1st period - Shot Misses the Net.
11:48 of 1st period - Shot by Sean Kuraly.
11:48 of 1st period - Stopped by Ilya Samsonov without a rebound.
11:49 of 1st period - Max Domi wins face-off versus Colton Sissons in CAROLINA Hurricanes zone.
11:56 of 1st period - Shot by Anton Lundell.
11:56 of 1st period - Shot Misses the Net.
11:58 of 1st period - Shot by Max Domi.
11:58 of 1st period - Shot Misses the Net.
12:00 of 1st period - Shot by Charlie Coyle.
12:00 of 1st period - Stopped by Ilya Samsonov without a rebound.
12:01 of 1st period - Christian Dvorak wins face-off versus Tyler Motte in CAROLINA Hurricanes zone.
12:19 of 1st period - Icing by Cam York.
12:20 of 1st period - Tyler Motte wins face-off versus Roope Hintz in CAROLINA Hurricanes zone.
12:20 of 1st period - Pontus Aberg is hit by Roope Hintz and loses puck.
12:28 of 1st period - Roope Hintz is hit by KAndre Miller and loses puck.
12:46 of 1st period - Shot by Brandon Sutter.
12:46 of 1st period - Stopped by Eetu Makiniemi without a rebound.
12:47 of 1st period - Marcus Johansson wins face-off versus Anton Lundell in NEW JERSEY Devils zone.
12:53 of 1st period - Off-side.
12:54 of 1st period - Marcus Johansson wins face-off versus Anton Lundell in neutral zone.
13:05 of 1st period - Shot by Wayne Simmonds.
13:05 of 1st period - Stopped by Eetu Makiniemi without a rebound.
13:06 of 1st period - Trevor Zegras wins face-off versus Colton Sissons in NEW JERSEY Devils zone.
13:11 of 1st period - Shot by Troy Terry.
13:11 of 1st period - Stopped by Ilya Samsonov without a rebound.
13:12 of 1st period - Marcus Johansson wins face-off versus Anton Lundell in CAROLINA Hurricanes zone.
13:12 of 1st period - Marcus Johansson is hit by Charlie Coyle.
13:18 of 1st period - Anton Lundell is hit by Marcus Johansson and loses puck.
13:29 of 1st period - Shot by James van Riemsdyk.
13:29 of 1st period - Stopped by Eetu Makiniemi without a rebound.
13:30 of 1st period - Tyler Motte wins face-off versus Trevor Zegras in NEW JERSEY Devils zone.
13:40 of 1st period - Minor Penalty to Jack Johnson for Cross-checking.
13:41 of 1st period - Marcus Johansson wins face-off versus Christian Dvorak in NEW JERSEY Devils zone.
13:46 of 1st period - Shot by James van Riemsdyk.
13:46 of 1st period - Deflect By Wayne Simmonds.
13:46 of 1st period - Shot Misses the Net.
14:02 of 1st period - Shot by Wayne Simmonds.
14:02 of 1st period - Shot Misses the Net.
14:16 of 1st period - Shot by Ryan Ellis.
14:16 of 1st period - Shot Misses the Net.
14:43 of 1st period - Shot by Esa Lindell.
14:43 of 1st period - Shot Misses the Net.
14:45 of 1st period - Shot by Tyler Motte.
14:45 of 1st period - Stopped by Eetu Makiniemi with a rebound.
14:51 of 1st period - Shot by Owen Power.
14:51 of 1st period - Shot Blocked by Daniel Sprong.
14:53 of 1st period - Shot by Tyler Motte.
14:53 of 1st period - Stopped by Eetu Makiniemi without a rebound.
14:54 of 1st period - Christian Dvorak wins face-off versus Brandon Sutter in NEW JERSEY Devils zone.
15:15 of 1st period - Shot by Owen Power.
15:15 of 1st period - Stopped by Eetu Makiniemi without a rebound.
15:16 of 1st period - Cody Glass wins face-off versus Marcus Johansson in NEW JERSEY Devils zone.
15:22 of 1st period - Icing by Brett Pesce.
15:23 of 1st period - James van Riemsdyk wins face-off versus Christian Dvorak in CAROLINA Hurricanes zone.
16:00 of 1st period - Shot by Anton Lundell.
16:00 of 1st period - Stopped by Ilya Samsonov with a rebound.
16:08 of 1st period - Icing by Charlie Coyle.
16:09 of 1st period - Anton Lundell wins face-off versus Tyler Motte in NEW JERSEY Devils zone.
16:19 of 1st period - Shot by Brandon Sutter.
16:19 of 1st period - Stopped by Eetu Makiniemi without a rebound.
16:20 of 1st period - Cody Glass wins face-off versus Marcus Johansson in NEW JERSEY Devils zone.
16:48 of 1st period - Shot by Ryan Ellis.
16:48 of 1st period - Shot Blocked by Jaccob Slavin.
16:50 of 1st period - Shot by James van Riemsdyk.
16:50 of 1st period - Deflect By Marcus Johansson.
16:50 of 1st period - Stopped by Eetu Makiniemi without a rebound.
16:51 of 1st period - Tyler Motte wins face-off versus Trevor Zegras in NEW JERSEY Devils zone.
16:52 of 1st period - Shot by Pontus Aberg.
16:52 of 1st period - Shot Misses the Net.
16:54 of 1st period - Shot by Brandon Sutter.
16:54 of 1st period - Goal by Brandon Sutter - NEW JERSEY Devils : 1 - CAROLINA Hurricanes : 2.
16:55 of 1st period - Trevor Zegras wins face-off versus Tyler Motte in neutral zone.
17:32 of 1st period - Shot by Pontus Aberg.
17:32 of 1st period - Deflect By Brandon Sutter.
17:32 of 1st period - Shot Blocked by Jordan Harris.
17:34 of 1st period - Shot by Brandon Sutter.
17:34 of 1st period - Stopped by Eetu Makiniemi without a rebound.
17:35 of 1st period - Anton Lundell wins face-off versus Marcus Johansson in NEW JERSEY Devils zone.
17:35 of 1st period - Anton Lundell is hit by Wayne Simmonds.
18:06 of 1st period - Shot by Wayne Simmonds.
18:06 of 1st period - Stopped by Eetu Makiniemi without a rebound.
18:07 of 1st period - Colton Sissons wins face-off versus Cody Glass in NEW JERSEY Devils zone.
18:08 of 1st period - Shot by Blake Wheeler.
18:08 of 1st period - Stopped by Eetu Makiniemi without a rebound.
18:09 of 1st period - Tyler Motte wins face-off versus Trevor Zegras in NEW JERSEY Devils zone.
18:13 of 1st period - Brandon Sutter is hit by Brett Kulak and loses puck.
18:25 of 1st period - Pontus Aberg is hit by Brett Kulak and loses puck.
18:40 of 1st period - Shot by Tyler Motte.
18:40 of 1st period - Shot Misses the Net.
19:27 of 1st period - Shot by James van Riemsdyk.
19:27 of 1st period - Shot Misses the Net.
19:54 of 1st period - Icing by Shayne Gostisbehere.
19:55 of 1st period - Blake Wheeler wins face-off versus Anton Lundell in NEW JERSEY Devils zone.
19:55 of 1st period - Blake Wheeler is hit by Jaccob Slavin.
Goals for this period are 1 for NEW JERSEY Devils vs 2 for CAROLINA Hurricanes .
Shots for this period are 12 for NEW JERSEY Devils vs 19 for CAROLINA Hurricanes .

2nd period


0:01 of 2nd period - James van Riemsdyk wins face-off versus Daniel Sprong in neutral zone.
0:16 of 2nd period - Shot by Marcus Johansson.
0:16 of 2nd period - Stopped by Eetu Makiniemi without a rebound.
0:17 of 2nd period - Anton Lundell wins face-off versus Curtis Lazar in NEW JERSEY Devils zone.
0:17 of 2nd period - Anton Lundell is hit by Colton Sissons.
0:33 of 2nd period - Shot by Colton Sissons.
0:33 of 2nd period - Stopped by Eetu Makiniemi without a rebound.
0:34 of 2nd period - Cody Glass wins face-off versus Wayne Simmonds in NEW JERSEY Devils zone.
1:43 of 2nd period - Shot by Brandon Sutter.
1:43 of 2nd period - Stopped by Eetu Makiniemi without a rebound.
1:44 of 2nd period - Trevor Zegras wins face-off versus Colton Sissons in NEW JERSEY Devils zone.
1:48 of 2nd period - Troy Terry is hit by Colton Sissons and loses puck.
2:00 of 2nd period - Minor Penalty to Erik Johnson for Holding.
2:01 of 2nd period - Christian Dvorak wins face-off versus Tyler Motte in NEW JERSEY Devils zone.
2:22 of 2nd period - Shot by Owen Power.
2:22 of 2nd period - Stopped by Eetu Makiniemi without a rebound.
2:23 of 2nd period - Christian Dvorak wins face-off versus James van Riemsdyk in NEW JERSEY Devils zone.
2:53 of 2nd period - Icing by Marcus Johansson.
2:54 of 2nd period - Christian Dvorak wins face-off versus Marcus Johansson in CAROLINA Hurricanes zone.
3:58 of 2nd period - Icing by Esa Lindell.
3:59 of 2nd period - Tyler Motte wins face-off versus Christian Dvorak in CAROLINA Hurricanes zone.
4:07 of 2nd period - Minor Penalty to Jordan Harris for Hooking.
4:08 of 2nd period - Marcus Johansson wins face-off versus Christian Dvorak in NEW JERSEY Devils zone.
4:09 of 2nd period - Shot by Ryan Ellis.
4:09 of 2nd period - Stopped by Eetu Makiniemi without a rebound.
4:10 of 2nd period - Wayne Simmonds wins face-off versus Christian Dvorak in NEW JERSEY Devils zone.
4:51 of 2nd period - Cody Glass is hit by Wayne Simmonds and loses puck.
5:13 of 2nd period - Shot by Brandon Sutter.
5:13 of 2nd period - Goal by Brandon Sutter - NEW JERSEY Devils : 1 - CAROLINA Hurricanes : 3.
5:14 of 2nd period - Anton Lundell wins face-off versus Colton Sissons in neutral zone.
5:19 of 2nd period - Shot by Anton Lundell.
5:19 of 2nd period - Stopped by Ilya Samsonov with a rebound.
5:27 of 2nd period - Shot by Curtis Lazar.
5:27 of 2nd period - Shot Misses the Net.
5:31 of 2nd period - Shot by Colton Sissons.
5:31 of 2nd period - Stopped by Eetu Makiniemi with a rebound.
5:43 of 2nd period - Shot by KAndre Miller.
5:43 of 2nd period - Shot Blocked by Charlie Coyle.
5:45 of 2nd period - Shot by Colton Sissons.
5:45 of 2nd period - Shot Misses the Net.
5:47 of 2nd period - Shot by Blake Wheeler.
5:47 of 2nd period - Shot Blocked by Jordan Harris.
5:49 of 2nd period - Shot by KAndre Miller.
5:49 of 2nd period - Stopped by Eetu Makiniemi without a rebound.
5:50 of 2nd period - Trevor Zegras wins face-off versus Tyler Motte in NEW JERSEY Devils zone.
5:54 of 2nd period - Off-side.
5:55 of 2nd period - James van Riemsdyk wins face-off versus Trevor Zegras in neutral zone.
5:57 of 2nd period - Brett Pesce is hit by Shayne Gostisbehere and loses puck.
6:04 of 2nd period - Shot by Roope Hintz.
6:04 of 2nd period - Stopped by Ilya Samsonov without a rebound.
6:05 of 2nd period - Kirby Dach wins face-off versus Tyler Motte in CAROLINA Hurricanes zone.
6:05 of 2nd period - Kirby Dach is hit by Ryan Ellis.
6:12 of 2nd period - Daniel Sprong is hit by Brett Pesce and loses puck.
6:18 of 2nd period - Minor Penalty to Shayne Gostisbehere for Tripping.
6:19 of 2nd period - Wayne Simmonds wins face-off versus Christian Dvorak in NEW JERSEY Devils zone.
6:32 of 2nd period - Shot by Wayne Simmonds.
6:32 of 2nd period - Shot Blocked by Erik Johnson.
7:20 of 2nd period - Shot by Ryan Ellis.
7:20 of 2nd period - Shot Misses the Net.
7:22 of 2nd period - Shot by Pontus Aberg.
7:22 of 2nd period - Shot Misses the Net.
7:46 of 2nd period - Shot by Pontus Aberg.
7:46 of 2nd period - Stopped by Eetu Makiniemi without a rebound.
7:47 of 2nd period - Christian Dvorak wins face-off versus Marcus Johansson in NEW JERSEY Devils zone.
8:14 of 2nd period - Icing by James van Riemsdyk.
8:15 of 2nd period - Cody Glass wins face-off versus Marcus Johansson in CAROLINA Hurricanes zone.
8:33 of 2nd period - Minor Penalty to Esa Lindell for Cross-checking.
8:34 of 2nd period - Marcus Johansson wins face-off versus Trevor Zegras in CAROLINA Hurricanes zone.
8:58 of 2nd period - Shot by Shayne Gostisbehere.
8:58 of 2nd period - Shot Misses the Net.
9:49 of 2nd period - Shot by Troy Terry.
9:49 of 2nd period - Shot Misses the Net.
10:52 of 2nd period - Shot by Pontus Aberg.
10:52 of 2nd period - Deflect By Brandon Sutter.
10:52 of 2nd period - Shot Blocked by Erik Johnson.
11:02 of 2nd period - Shot by Brandon Sutter.
11:02 of 2nd period - Shot Misses the Net.
11:04 of 2nd period - Shot by Pontus Aberg.
11:04 of 2nd period - Stopped by Eetu Makiniemi with a rebound.
11:06 of 2nd period - Shot by Tyler Motte.
11:06 of 2nd period - Goal by Tyler Motte - NEW JERSEY Devils : 1 - CAROLINA Hurricanes : 4.
11:07 of 2nd period - Cody Glass wins face-off versus Colton Sissons in neutral zone.
11:11 of 2nd period - Off-side.
11:12 of 2nd period - Connor Dewar wins face-off versus Anton Lundell in neutral zone.
11:28 of 2nd period - Shot by Marcus Johansson.
11:28 of 2nd period - Shot Misses the Net.
12:31 of 2nd period - Roope Hintz is hit by Owen Power and loses puck.
12:40 of 2nd period - Shot by Tyler Motte.
12:40 of 2nd period - Shot Blocked by Jaccob Slavin.
12:42 of 2nd period - Shot by Tyler Motte.
12:42 of 2nd period - Shot Misses the Net.
12:52 of 2nd period - Curtis Lazar is hit by Troy Terry and loses puck.
13:21 of 2nd period - Shot by Daniel Sprong.
13:21 of 2nd period - Stopped by Ilya Samsonov without a rebound.
13:22 of 2nd period - Marcus Johansson wins face-off versus Christian Dvorak in CAROLINA Hurricanes zone.
13:49 of 2nd period - Shot by Christian Dvorak.
13:49 of 2nd period - Stopped by Ilya Samsonov without a rebound.
13:50 of 2nd period - Tyler Motte wins face-off versus Anton Lundell in CAROLINA Hurricanes zone.
13:50 of 2nd period - Tyler Motte is hit by Charlie Coyle.
14:03 of 2nd period - Icing by Jordan Harris.
14:04 of 2nd period - Anton Lundell wins face-off versus Colton Sissons in NEW JERSEY Devils zone.
14:10 of 2nd period - Minor Penalty to KAndre Miller for Slashing.
14:11 of 2nd period - Anton Lundell wins face-off versus Marcus Johansson in CAROLINA Hurricanes zone.
14:32 of 2nd period - Shot by Jaccob Slavin.
14:32 of 2nd period - Shot Hit the Post.
14:34 of 2nd period - Shot by Shayne Gostisbehere.
14:34 of 2nd period - Shot Misses the Net.
14:36 of 2nd period - Shot by Shayne Gostisbehere.
14:36 of 2nd period - Goal by Shayne Gostisbehere - NEW JERSEY Devils : 2 - CAROLINA Hurricanes : 4.
14:37 of 2nd period - Tyler Motte wins face-off versus Cody Glass in neutral zone.
14:40 of 2nd period - Shot by Pontus Aberg.
14:40 of 2nd period - Shot Misses the Net.
15:01 of 2nd period - Icing by Brett Pesce.
15:02 of 2nd period - Anton Lundell wins face-off versus Tyler Motte in CAROLINA Hurricanes zone.
15:16 of 2nd period - Minor Penalty to Charlie Coyle for High sticking.
15:17 of 2nd period - Marcus Johansson wins face-off versus Christian Dvorak in NEW JERSEY Devils zone.
16:07 of 2nd period - Icing by Marcus Johansson.
16:08 of 2nd period - Christian Dvorak wins face-off versus Marcus Johansson in CAROLINA Hurricanes zone.
16:43 of 2nd period - Shot by Brandon Sutter.
16:43 of 2nd period - Stopped by Eetu Makiniemi without a rebound.
16:44 of 2nd period - Christian Dvorak wins face-off versus Tyler Motte in NEW JERSEY Devils zone.
17:49 of 2nd period - Shot by Jordan Harris.
17:49 of 2nd period - Stopped by Ilya Samsonov with a rebound.
18:15 of 2nd period - Shayne Gostisbehere is hit by Blake Wheeler.
18:30 of 2nd period - Icing by Shayne Gostisbehere.
18:31 of 2nd period - Cody Glass wins face-off versus Marcus Johansson in NEW JERSEY Devils zone.
19:20 of 2nd period - Shot by Roope Hintz.
19:20 of 2nd period - Shot Misses the Net.
19:22 of 2nd period - Shot by Roope Hintz.
19:22 of 2nd period - Stopped by Ilya Samsonov without a rebound.
19:23 of 2nd period - Max Domi wins face-off versus Tyler Motte in CAROLINA Hurricanes zone.
19:58 of 2nd period - Shot by Brandon Sutter.
19:58 of 2nd period - Shot Misses the Net.
Goals for this period are 1 for NEW JERSEY Devils vs 2 for CAROLINA Hurricanes .
Shots for this period are 7 for NEW JERSEY Devils vs 12 for CAROLINA Hurricanes .

3rd period


0:01 of 3rd period - Trevor Zegras wins face-off versus Marcus Johansson in neutral zone.
0:03 of 3rd period - Troy Terry is hit by Ryan Ellis.
0:19 of 3rd period - Shot by Troy Terry.
0:19 of 3rd period - Deflect By Roope Hintz.
0:19 of 3rd period - Shot Blocked by Ryan Ellis.
0:57 of 3rd period - Shot by Brandon Sutter.
0:57 of 3rd period - Shot Blocked by Jaccob Slavin.
0:59 of 3rd period - Shot by Tyler Motte.
0:59 of 3rd period - Shot Misses the Net.
1:01 of 3rd period - Shot by Pontus Aberg.
1:01 of 3rd period - Shot Blocked by Jaccob Slavin.
1:03 of 3rd period - Shot by Pontus Aberg.
1:03 of 3rd period - Deflect By Tyler Motte.
1:03 of 3rd period - Shot Misses the Net.
1:05 of 3rd period - Shot by Brandon Sutter.
1:05 of 3rd period - Shot Misses the Net.
1:25 of 3rd period - Shot by Tyler Motte.
1:25 of 3rd period - Stopped by Eetu Makiniemi without a rebound.
1:26 of 3rd period - Max Domi wins face-off versus Colton Sissons in NEW JERSEY Devils zone.
1:26 of 3rd period - Anton Lundell is hit by Blake Wheeler and loses puck.
2:34 of 3rd period - Shot by Wayne Simmonds.
2:34 of 3rd period - Stopped by Eetu Makiniemi without a rebound.
2:35 of 3rd period - Christian Dvorak wins face-off versus Marcus Johansson in NEW JERSEY Devils zone.
2:35 of 3rd period - Sean Kuraly is hit by Marcus Johansson and loses puck.
2:43 of 3rd period - James van Riemsdyk is hit by Erik Johnson and loses puck.
2:52 of 3rd period - Shot by James van Riemsdyk.
2:52 of 3rd period - Shot Misses the Net.
2:56 of 3rd period - Shot by Marcus Johansson.
2:56 of 3rd period - Stopped by Eetu Makiniemi without a rebound.
2:57 of 3rd period - Tyler Motte wins face-off versus Cody Glass in NEW JERSEY Devils zone.
3:20 of 3rd period - Shot by Shayne Gostisbehere.
3:20 of 3rd period - Shot Misses the Net.
3:22 of 3rd period - Shot by Shayne Gostisbehere.
3:22 of 3rd period - Shot Blocked by Owen Power.
3:24 of 3rd period - Shot by Daniel Sprong.
3:24 of 3rd period - Stopped by Ilya Samsonov without a rebound.
3:25 of 3rd period - Anton Lundell wins face-off versus Marcus Johansson in CAROLINA Hurricanes zone.
3:25 of 3rd period - Max Domi is hit by Ryan Ellis and loses puck.
3:28 of 3rd period - Shot by Charlie Coyle.
3:28 of 3rd period - Shot Blocked by Brett Pesce.
3:49 of 3rd period - Minor Penalty to Marcus Johansson for Hooking.
3:50 of 3rd period - Colton Sissons wins face-off versus Trevor Zegras in CAROLINA Hurricanes zone.
4:00 of 3rd period - Jaccob Slavin is hit by Wayne Simmonds and loses puck.
4:04 of 3rd period - Jaccob Slavin is hit by Esa Lindell and loses puck.
4:57 of 3rd period - Brett Pesce is hit by Max Domi and loses puck.
6:10 of 3rd period - Shot by Marcus Johansson.
6:10 of 3rd period - Deflect By Alexandre Texier.
6:10 of 3rd period - Shot Blocked by Erik Johnson.
6:12 of 3rd period - Shot by Cam York.
6:12 of 3rd period - Stopped by Eetu Makiniemi without a rebound.
6:13 of 3rd period - Tyler Motte wins face-off versus Cody Glass in NEW JERSEY Devils zone.
6:13 of 3rd period - Brandon Sutter is hit by Erik Johnson and loses puck.
6:20 of 3rd period - Shot by Tyler Motte.
6:20 of 3rd period - Shot Misses the Net.
6:24 of 3rd period - Shot by Tyler Motte.
6:24 of 3rd period - Goal by Tyler Motte - NEW JERSEY Devils : 2 - CAROLINA Hurricanes : 5.
6:25 of 3rd period - Colton Sissons wins face-off versus Christian Dvorak in neutral zone.
7:25 of 3rd period - Cam York is hit by Jordan Harris and loses puck.
7:46 of 3rd period - Ryan Ellis is hit by Max Domi.
8:34 of 3rd period - Shot by Brandon Sutter.
8:34 of 3rd period - Shot Misses the Net.
9:07 of 3rd period - Shayne Gostisbehere is hit by Esa Lindell.
9:20 of 3rd period - Icing by Jaccob Slavin.
9:21 of 3rd period - Connor Dewar wins face-off versus Cody Glass in NEW JERSEY Devils zone.
9:47 of 3rd period - Icing by Ryan Ellis.
9:48 of 3rd period - Connor Dewar wins face-off versus Anton Lundell in CAROLINA Hurricanes zone.
9:56 of 3rd period - Marcus Johansson is hit by Jordan Harris and loses puck.
10:24 of 3rd period - Icing by Cam York.
10:25 of 3rd period - Roope Hintz wins face-off versus Curtis Lazar in CAROLINA Hurricanes zone.
10:28 of 3rd period - Shot by Roope Hintz.
10:28 of 3rd period - Deflect By Trevor Zegras.
10:28 of 3rd period - Stopped by Ilya Samsonov without a rebound.
10:29 of 3rd period - Tyler Motte wins face-off versus Trevor Zegras in CAROLINA Hurricanes zone.
10:29 of 3rd period - Tyler Motte is hit by Trevor Zegras.
10:34 of 3rd period - Esa Lindell is hit by Troy Terry and loses puck.
11:08 of 3rd period - Minor Penalty to Roope Hintz for Slashing.
11:09 of 3rd period - Marcus Johansson wins face-off versus Christian Dvorak in NEW JERSEY Devils zone.
11:22 of 3rd period - Shot by Brett Pesce.
11:22 of 3rd period - Shot Blocked by Brett Kulak.
11:28 of 3rd period - Shot by Brett Pesce.
11:28 of 3rd period - Stopped by Eetu Makiniemi without a rebound.
11:29 of 3rd period - Christian Dvorak wins face-off versus Marcus Johansson in NEW JERSEY Devils zone.
11:29 of 3rd period - Christian Dvorak is hit by Wayne Simmonds.
11:57 of 3rd period - Shot by Brett Pesce.
11:57 of 3rd period - Stopped by Eetu Makiniemi with a rebound.
11:59 of 3rd period - Shot by Wayne Simmonds.
11:59 of 3rd period - Shot Misses the Net.
12:01 of 3rd period - Shot by Ryan Ellis.
12:01 of 3rd period - Stopped by Eetu Makiniemi without a rebound.
12:02 of 3rd period - Christian Dvorak wins face-off versus Tyler Motte in NEW JERSEY Devils zone.
12:02 of 3rd period - Christian Dvorak is hit by Tyler Motte.
12:46 of 3rd period - Shot by Pontus Aberg.
12:46 of 3rd period - Shot Misses the Net.
12:58 of 3rd period - Shot by Wayne Simmonds.
12:58 of 3rd period - Shot Misses the Net.
13:00 of 3rd period - Shot by Marcus Johansson.
13:00 of 3rd period - Deflect By James van Riemsdyk.
13:00 of 3rd period - Shot Misses the Net.
13:02 of 3rd period - Shot by James van Riemsdyk.
13:02 of 3rd period - Shot Blocked by Jaccob Slavin.
13:04 of 3rd period - Shot by Brett Pesce.
13:04 of 3rd period - Stopped by Eetu Makiniemi without a rebound.
13:05 of 3rd period - Cody Glass wins face-off versus Marcus Johansson in NEW JERSEY Devils zone.
13:19 of 3rd period - Shot by Anton Lundell.
13:19 of 3rd period - Stopped by Ilya Samsonov with a rebound.
13:21 of 3rd period - Shot by Charlie Coyle.
13:21 of 3rd period - Stopped by Ilya Samsonov without a rebound.
13:22 of 3rd period - Connor Dewar wins face-off versus Cody Glass in CAROLINA Hurricanes zone.
13:55 of 3rd period - Jack Johnson is hit by Alexandre Texier and loses puck.
14:53 of 3rd period - Shayne Gostisbehere is hit by Tyler Motte and loses puck.
14:57 of 3rd period - Shayne Gostisbehere is hit by Esa Lindell.
14:58 of 3rd period - Minor Penalty to Esa Lindell for Slashing.
14:59 of 3rd period - Trevor Zegras wins face-off versus Marcus Johansson in CAROLINA Hurricanes zone.
15:10 of 3rd period - Shot by Kirby Dach.
15:10 of 3rd period - Stopped by Ilya Samsonov with a rebound.
15:12 of 3rd period - Shot by Shayne Gostisbehere.
15:12 of 3rd period - Stopped by Ilya Samsonov with a rebound.
15:14 of 3rd period - Shot by Kirby Dach.
15:14 of 3rd period - Deflect By Trevor Zegras.
15:14 of 3rd period - Shot Misses the Net.
15:16 of 3rd period - Shot by Shayne Gostisbehere.
15:16 of 3rd period - Stopped by Ilya Samsonov without a rebound.
15:17 of 3rd period - Marcus Johansson wins face-off versus Anton Lundell in CAROLINA Hurricanes zone.
15:26 of 3rd period - Shot by Anton Lundell.
15:26 of 3rd period - Shot Misses the Net.
16:15 of 3rd period - Icing by Jaccob Slavin.
16:16 of 3rd period - Marcus Johansson wins face-off versus Trevor Zegras in NEW JERSEY Devils zone.
16:22 of 3rd period - Kirby Dach is hit by Wayne Simmonds and loses puck.
16:37 of 3rd period - Shot by Tyler Motte.
16:37 of 3rd period - Shot Blocked by Shayne Gostisbehere.
17:05 of 3rd period - Erik Johnson is hit by Colton Sissons.
17:16 of 3rd period - Nail Yakupov is hit by KAndre Miller and loses puck.
17:20 of 3rd period - Icing by KAndre Miller.
17:21 of 3rd period - Colton Sissons wins face-off versus Trevor Zegras in CAROLINA Hurricanes zone.
17:21 of 3rd period - Colton Sissons is hit by Trevor Zegras.
17:37 of 3rd period - Shot by Colton Sissons.
17:37 of 3rd period - Shot Misses the Net.
17:41 of 3rd period - Shot by Curtis Lazar.
17:41 of 3rd period - Stopped by Eetu Makiniemi without a rebound.
17:42 of 3rd period - Anton Lundell wins face-off versus Tyler Motte in NEW JERSEY Devils zone.
18:35 of 3rd period - Brett Pesce is hit by Shayne Gostisbehere and loses puck.
19:45 of 3rd period - Shot by Wayne Simmonds.
19:45 of 3rd period - Shot Misses the Net.
Goals for this period are 0 for NEW JERSEY Devils vs 1 for CAROLINA Hurricanes .
Shots for this period are 7 for NEW JERSEY Devils vs 10 for CAROLINA Hurricanes .